 Dungeon Crawl Stone Soup version 0.24-a0-584-g9d6b971 (webtiles) character file.

Game seed: 10211760644626501187, levelgen mode: deterministic

796 DocClef the Fighter (level 7, -1/62 HPs)
             Began as a Demonspawn Fighter on Sept 1, 2019.
             Splashed by a jelly's acid (7 damage)
             ... on level 5 of the Dungeon.
             The game lasted 00:04:20 (4552 turns).

DocClef the Fighter (Demonspawn Fighter)            Turns: 4552, Time: 00:04:21

Health: -1/62      AC: -3    Str: 18    XL:     7   Next: 58%
Magic:  7/7        EV:  2    Int: 10    God:
Gold:   303        SH:  8    Dex: 12    Spells: 6/6 levels left

rFire    . . .     SeeInvis .   a - +0 long sword
rCold    . . .     Gourm    .   c - +0 shield
rNeg     . . .     Faith    .   h - +0 plate armour
rPois    .         Spirit   .   (no helmet)
rElec    .         Reflect  .   o - +0 cloak (curse)
rCorr    .         Harm     .   (no gloves)
MR       .....                  (no boots)
Stlth    ..........             (no amulet)
HPRegen  0.20/turn              (no ring)
MPRegen  0.10/turn              (no ring)

@: corroded
A: nightstalker 1
a: no special abilities


You were on level 5 of the Dungeon.
You were hungry.

You visited 1 branch of the dungeon, and saw 5 of its levels.

You collected 303 gold pieces.

Inventory:

Hand Weapons
 a - a +0 long sword (weapon)
Armour
 c - a +0 shield (worn)
 h - a +0 plate armour (worn)
 o - a cursed +0 cloak (worn)
Jewellery
 v - a cursed amulet of inaccuracy {unknown}
Wands
 b - a wand of digging (4)
 p - a wand of iceblast (23)
 u - a wand of paralysis (10)
Scrolls
 e - 9 scrolls of identify {unknown}
 g - 4 scrolls of remove curse {unknown}
 i - a scroll of random uselessness {unknown}
 k - a scroll of magic mapping {unknown}
 l - 2 scrolls of amnesia {unknown}
 r - 3 scrolls of teleportation {unknown}
Potions
 d - a potion of mutation {unknown}
 j - 2 potions of cancellation {unknown}
 m - 3 potions of degeneration {unknown}
 n - a potion of agility {unknown}
 q - 2 potions of invisibility {unknown}
 s - a potion of might
 t - a potion of brilliance {unknown}
Comestibles
 f - 8 rations


   Skills:
 - Level 8.2 Fighting
 + Level 3.8 Long Blades
 - Level 2.6 Armour
 - Level 2.6 Shields


You had 6 spell levels left.
You didn't know any spells.
Your spell library was empty.

Dungeon Overview and Level Annotations

Branches:
Dungeon (5/15)
 Temple: D:4-7

Altars:
Ru
Yredelemnul
Beogh

Annotations:
D:4 1 runed translucent door, vegansnacktivist's ghost, weakling DDFi


Innate Abilities, Weirdness & Mutations

You are slightly more attuned to the shadows.


Message History

You are too injured to fight recklessly!
You are too injured to fight recklessly!
You are too injured to fight recklessly!
You are too injured to fight recklessly!
You are too injured to fight recklessly!
You are too injured to fight recklessly!
You are too injured to fight recklessly!
You are too injured to fight recklessly!
You are too injured to fight recklessly!
You hit the jelly.
Your hands burn!
* * * LOW HITPOINT WARNING * * *
The jelly is severely wounded.
The jelly hits you.
* * * LOW HITPOINT WARNING * * *
You are splashed with acid.
* * * LOW HITPOINT WARNING * * *
The jelly hits you.
* * * LOW HITPOINT WARNING * * *
You are splashed with acid!
You die...

#.....# ..
#####..'#######..
.>.....#...#...# ..#
#.####.#...#...# ..##
#......#.......# ...
##########._.####..
#####..#.......#..
.......#.).#...#J# #
.......#...#...#@#.#...
.......†#######........
..........# #.....#....
......##### ####### ...
..........# ..
..........# .
####......# #......#
####......#


You could see a jelly.

Vanquished Creatures
  Edmund (D:4)
  An ice beast (D:4)
  2 scorpions
  A howler monkey (D:4)
  A crimson imp (D:5)
  A hound (D:5)
  An orc priest (D:5)
  A centaur skeleton (D:4)
  4 worker ants
  2 orc wizards
  4 gnolls
  2 adders
  3 oozes
  2 worms (D:2)
  3 dart slugs
  4 leopard geckos
  10 orcs
  6 giant cockroaches
  11 goblins
  9 hobgoblins
  4 jackals (D:1)
  9 kobolds
  5 quokkas
  12 bats
  A frilled lizard (D:2)
  5 rats
105 creatures vanquished.

Vanquished Creatures (others)
  2 withered plants (D:4)
2 creatures vanquished.

Grand Total: 107 creatures vanquished

Notes
Turn   | Place    | Note
-------+----------+-------------------------------------------
     0 | D:1      | DocClef the Demonspawn Fighter began the quest for the Orb.
     0 | D:1      | Reached XP level 1. HP: 18/18 MP: 1/1
    32 | D:1      | Gained mutation: You are slightly more attuned to the
                  | shadows. [demonic ancestry]
    32 | D:1      | Reached XP level 2. HP: 9/25 MP: 2/2
   517 | D:1      | Reached skill level 4 in Fighting
   606 | D:1      | Reached XP level 3. HP: 30/30 MP: 3/3
  1121 | D:2      | Reached skill level 5 in Fighting
  1121 | D:2      | Reached XP level 4. HP: 31/39 MP: 4/4
  2024 | D:3      | Reached XP level 5. HP: 39/46 MP: 5/5
  2079 | D:3      | You fall into a shaft and drop 1 floor!
  2079 | D:4      | Noticed Edmund
  2090 | D:4      | Killed Edmund
  2090 | D:4      | Reached skill level 6 in Fighting
  2116 | D:4      | Reached XP level 6. HP: 34/53 MP: 6/6
  2418 | D:3      | Reached skill level 7 in Fighting
  2688 | D:4      | HP: 2/55 [poisoned by a worker ant]
  2696 | D:4      | HP: 2/55 [poisoned by a worker ant]
  3050 | D:4      | Found a runed translucent door.
  3051 | D:4      | Noticed vegansnacktivist's ghost (weakling DDFi)
  3083 | D:4      | Found a basalt altar of Yredelemnul.
  3368 | D:4      | Noticed an ice beast
  3387 | D:4      | Killed an ice beast
  3387 | D:4      | Reached skill level 8 in Fighting
  3387 | D:4      | Reached XP level 7. HP: 53/62 MP: 7/7
  3682 | D:4      | Found a roughly hewn altar of Beogh.
  3695 | D:5      | Entered Level 5 of the Dungeon
  4425 | D:5      | Found a sacrificial altar of Ru.
  4552 | D:5      | Splashed by a jelly's acid

Levels and vault maps discovered:
D:1:      dpeg_arrival_oval, layout_basic
D:2:      cheibrodos_old_hovel, layout_basic
D:3:      cheibrodos_helix_gallery, layout_basic
D:4:      layout_basic, nicolae_overflow_crystal_walls, gammafunk_ghost_grave,
          kennysheep_orc_chapel, uniq_edmund
D:5:      layout_basic, zin_angel, nicolae_ru_great_annihilating_truth,
          first_ration

Skill      XL: |  1  2  3  4  5  6  7 |
---------------+----------------------+-----
Fighting       | 4 5 6 8 |  8.2
Long Blades    | 3 |  3.8
Armour         | |  2.6
Shields        | |  2.6

Action                   |  1- 3 |  4- 6 |  7- 9 || total
-------------------------+-------+-------+-------++-------
Melee: Long sword        |   138 |   256 |   164 ||   558
  Use: Potion            |       |     1 |       ||     1
 Stab: Paralysed         |       |       |     2 ||     2
  Eat: Chunk             |       |     6 |     3 ||     9
       Ration            |       |     1 |       ||     1
Armor: Scale mail        |     6 |       |       ||     6
       Plate armour      |   102 |   226 |    98 ||   426
Dodge: Dodged            |    19 |    35 |    14 ||    68
Block: Shield            |    89 |   137 |    55 ||   281
       Rpst.: Long sword |     7 |    14 |     5 ||    26

Table legend:
 A = Non-vault XP
 B = Vault XP
 C = Vault XP percentage of total XP
 D = Non-vault monster count
 E = Vault monster count
 F = Vault count percentage of total count
                 A         B        C        D         E       F
            +---------+---------+-------+---------+---------+-------
      Total |     966 |     172 |  15.1 |      97 |       8 |   7.6
            +---------+---------+-------+---------+---------+-------
        D:1 |      64 |       0 |   0.0 |      23 |       0 |   0.0
        D:2 |      83 |       2 |   2.4 |      27 |       1 |   3.6
        D:3 |     108 |       5 |   4.4 |      23 |       2 |   8.0
        D:4 |     397 |     157 |  28.3 |       8 |       1 |  11.1
        D:5 |     314 |       8 |   2.5 |      16 |       4 |  20.0
            +---------+---------+-------+---------+---------+-------
